 Dungeon Crawl Stone Soup version 0.29.1-13-g9f3cf754e1 (webtiles) character file.

Game seed: 17030693641566029071

11 tizbic2 the Grave Robber (level 2, -1/27 HPs)
             Began as an Ogre Necromancer on Feb 6, 2023.
             Slain by a jackal (3 damage)
             ... on level 1 of the Dungeon.
             The game lasted 00:01:41 (276 turns).

tizbic2 the Grave Robber (Ogre Necromancer)          Turns: 276, Time: 00:01:42

Health: -1/27      AC:  3    Str: 11    XL:     2   Next: 25%
Magic:  4/5        EV:  9    Int: 16    God:
Gold:   7          SH:  0    Dex:  9    Spells: 5/6 levels left

rFire   . . .      SeeInvis .   j - +0 great sword
rCold   . . .      Faith    .   (shield currently unavailable)
rNeg    . . .      Spirit   .   a - +0 robe
rPois   .          Reflect  .   (helmet restricted)
rElec   .          Harm     .   (no cloak)
rCorr   +          Rampage  .   (gloves unavailable)
Will    .....                   (boots unavailable)
Stlth   +.........              (no amulet)
HPRegen 0.09/turn               g - ring of resist corrosion
MPRegen 0.09/turn               (no ring)

@: no status effects
A: large, unfitting armour, tough skin 1
a: no special abilities


You were on level 1 of the Dungeon.
You visited 1 branch of the dungeon, and saw 1 of its levels.

You collected 7 gold pieces.

Inventory:

Hand Weapons
 j - a +0 great sword (weapon)
Armour
 a - a +0 robe (worn)
Jewellery
 g - a ring of resist corrosion (left hand)
Scrolls
 c - a scroll of butterflies {unknown}
 f - a scroll of enchant armour {unknown}
 h - a scroll of fear {unknown}
 i - a scroll of noise {unknown}
Potions
 b - a potion of magic


   Skills:
 + Level 1.1 Fighting
 - Level 1.7 Dodging
 - Level 1.4 Stealth
 * Level 2.9 Spellcasting
 + Level 3.7 Necromancy


You had 5 spell levels left.
You knew the following spells:

 Your Spells              Type           Power      Damage    Failure   Level
a - Necrotise             Necr           56%        1d6       4%          1

Your spell library contained the following spells:

 Spells                   Type           Power      Damage    Failure   Level
 Vampiric Draining        Necr           14%        2d7       12%         3
 Animate Dead             Necr           14%        N/A       38%         4
 Agony                    Necr           14%        N/A       75%         5


Dungeon Overview and Level Annotations

Branches:
Dungeon (1/15)

Altars:


Innate Abilities, Weirdness & Mutations

You are too large for most types of armour.
You have tough skin. (AC +1)


Message History

The frilled lizard bites you but does no damage.
You slash the jackal!
You kill the jackal!
The jackal bites you.
* * * LOW HITPOINT WARNING * * *
The frilled lizard bites you.
* * * LOW HITPOINT WARNING * * *
The jackal barely misses you.
It was a potion of curing.
You feel better. The frilled lizard barely misses you.
The jackal bites you but does no damage.
You barely miss the frilled lizard. The jackal bites you.
The frilled lizard bites you but does no damage.
The jackal bites you but does no damage.
The frilled lizard barely misses you. The jackal closely misses you.
You closely miss the frilled lizard. The jackal closely misses you.
The frilled lizard bites you.
* * * LOW HITPOINT WARNING * * *
The jackal bites you but does no damage.
The frilled lizard bites you.
* * * LOW HITPOINT WARNING * * *
Unknown command.
It was a potion of cancellation.
You feel magically purged.
The jackal bites you but does no damage.
The frilled lizard closely misses you.
You miss the frilled lizard. The jackal barely misses you. x2
The frilled lizard bites you but does no damage.
The jackal bites you but does no damage.
You barely miss the frilled lizard.
The frilled lizard bites you but does no damage.
The jackal bites you.
* * * LOW HITPOINT WARNING * * *
The frilled lizard bites you but does no damage.
The jackal bites you.
* * * LOW HITPOINT WARNING * * *
You barely miss the frilled lizard. The jackal barely misses you.
The frilled lizard bites you.
* * * LOW HITPOINT WARNING * * *
The jackal bites you.
You die...

...# +.≈###.....#### ..
#..# #.§≈###.......# ..
.#.####.≈§####...##..#.#
.....#..§§#≈≈#...## ..#
.....'..§§#§.'....# ..##
#.#..'.§.≈#≈.'.#g.## ?..###
.....#...≈#≈§#.#rh.##.....#
...####.≈≈####.#h#..[h..#
#..# #.≈≈# $.#@#####..#
...# +.≈## .##l# .r.. ..≈#
#### .# #w# ..h. §≈≈# . #.#
... §≈§# ... .. §§## ... .
.≈# . ... .##.. !.... ....#


You could see a dart slug, 2 jackals, a hobgoblin, a frilled lizard and a rat.

Vanquished Creatures
  An endoplasm (D:1)
  2 hobgoblins (D:1)
  3 jackals (D:1)
  A ball python (D:1)
  A frilled lizard (D:1)
8 creatures vanquished.

Vanquished Creatures (collateral kills)
  An endoplasm (D:1)
1 creature vanquished.

Grand Total: 9 creatures vanquished

Notes
Turn   | Place    | Note
-------+----------+-------------------------------------------
     0 | D:1      | tizbic2 the Ogre Necromancer began the quest for the Orb.
     0 | D:1      | Reached XP level 1. HP: 16/16 MP: 3/3
   261 | D:1      | Reached XP level 2. HP: 17/26 MP: 5/5
   264 | D:1      | Reached skill level 1 in Fighting
   276 | D:1      | Slain by a jackal

Illustrated notes

Levels and vault maps discovered:
D:1:      denvon_arrival_hothouse, layout_rooms, minmay_tripent

Skill      XL: |  1  2 |
---------------+-------+-----
Fighting       | 1 |  1.1
Dodging        | |  1.7
Stealth        | |  1.4
Spellcasting   | |  2.9
Necromancy     | |  3.7

Action                   || total
-------------------------++-------
Melee: Unarmed           ||    11
       Great sword       ||    16
 Cast: Necrotise         ||    11
  Use: Potion            ||     2
Armor: Robe              ||    28
Dodge: Dodged            ||    27
